XFBL
ST. LOUIS CARDINALS @ PITTSBURGH PIRATES
04/20/1982
 
TOP OF THE 1ST
St. Louis Cardinals batting - Pitching for Pittsburgh Pirates : RHP Dennis Leonard
Pitching: RHP Dennis Leonard
Batting: SHB Otis Nixon 0-0: Called Strike
0-1: Foul Ball, location: 2F
0-2: SINGLE (Groundball, 56D, EV 97.5 MPH) (infield hit)
Batting: LHB Jim Gantner 0-0: Ball
1-0: Ball
2-0: Called Strike
2-1: Foul Ball, location: 2F
2-2: Ball
3-2: Foul Ball, location: 2F
3-2: Foul Ball, location: 2F
3-2: Strikes out swinging
Batting: RHB Sixto Lezcano 0-0: Swinging Strike
0-1: Called Strike
0-2: Ball
1-2: Fielders Choice at 2nd, 5-4 (Groundball, 56, EV 98.8 MPH)
Batting: LHB Pat Putnam 0-0: Ball
1-0: Called Strike
1-1: Ball
2-1: DOUBLE (Line Drive, 89D, EV 111.3 MPH)
Sixto Lezcano to third
Runner from 3rd tries for Home, SAFE, throw by RF to trailing runner, SAFE at third!
Batting: RHB Joe Torre 0-0: Called Strike
0-1: SINGLE (Groundball, 56D, EV 96.3 MPH)
Pat Putnam scores
Batting: LHB Mike Davis 0-0: Called Strike
0-1: Foul Ball, location: 2F
0-2: Strikes out looking
Top of the 1st over - 2 runs, 3 hits, 0 errors, 1 left on base; St. Louis 2 - Pittsburgh 0
BOTTOM OF THE 1ST
Pittsburgh Pirates batting - Pitching for St. Louis Cardinals : RHP John D'Acquisto
Pitching: RHP John D'Acquisto
Batting: RHB Dan Gladden 0-0: Ball
1-0: Called Strike
1-1: Called Strike
1-2: Fly out, F6 (Flyball, 6D, EV 81.9 MPH)
Batting: SHB Chili Davis 0-0: Ball
1-0: Ball
2-0: Swinging Strike
2-1: Called Strike
2-2: Foul Ball, location: 2F
2-2: Ball
3-2: Foul Ball, location: 2F
3-2: Base on Balls
Batting: RHB Rennie Stennett 0-0: Fly out, F8 (Flyball, 89XD, EV 97.5 MPH)
Batting: LHB Robert Lopez 0-0: Ball
Chili Davis steals 2nd base
1-0: Called Strike
1-1: Called Strike
1-2: Ball
2-2: Foul Ball, location: 2F
2-2: Ground out 6-3 (Groundball, 6, EV 80.0 MPH)
Bottom of the 1st over - 0 runs, 0 hits, 0 errors, 1 left on base; St. Louis 2 - Pittsburgh 0
TOP OF THE 2ND
St. Louis Cardinals batting - Pitching for Pittsburgh Pirates : RHP Dennis Leonard
Batting: RHB Bob Watson 0-0: Swinging Strike
0-1: Foul Ball, location: 2F
0-2: Foul Ball, location: 2F
0-2: Foul Ball, location: 2F
0-2: Ball
1-2: Ball
2-2: Fly out, F7 (Line Drive, 7, EV 85.6 MPH)
Batting: SHB Billy E Smith 0-0: Swinging Strike
0-1: Ball
1-1: Swinging Strike
1-2: Strikes out swinging
Batting: RHB John D'Acquisto 0-0: Swinging Strike
0-1: Foul Ball, location: 2F
0-2: Strikes out swinging
Top of the 2nd over - 0 runs, 0 hits, 0 errors, 0 left on base; St. Louis 2 - Pittsburgh 0
BOTTOM OF THE 2ND
Pittsburgh Pirates batting - Pitching for St. Louis Cardinals : RHP John D'Acquisto
Batting: LHB Greg Walker 0-0: Ball
1-0: Ball
2-0: Fly out, F9 (Flyball, 9LM, EV 83.1 MPH)
Batting: RHB Mike C Brown 0-0: Swinging Strike
0-1: Swinging Strike
0-2: Ball
1-2: Ball
2-2: Ball
3-2: Foul Ball, location: 2F
3-2: Strikes out swinging
Batting: SHB John Shelby 0-0: Foul Ball, location: 2F
0-1: Foul Ball, location: 2F
0-2: Ball
1-2: Foul Ball, location: 2F
1-2: Fly out, F5 (Popup, 5, EV 62.5 MPH)
Bottom of the 2nd over - 0 runs, 0 hits, 0 errors, 0 left on base; St. Louis 2 - Pittsburgh 0
TOP OF THE 3RD
St. Louis Cardinals batting - Pitching for Pittsburgh Pirates : RHP Dennis Leonard
Batting: SHB Otis Nixon 0-0: Ball
1-0: Called Strike
1-1: Foul Ball, location: 2F
1-2: Ball
2-2: SINGLE (Groundball, 34D, EV 108.8 MPH)
Batting: LHB Jim Gantner 0-0: Foul Ball, location: 2F
0-1: Called Strike
0-2: Ball
1-2: Ball
2-2: Ball
3-2: SINGLE (Flyball, 5D, EV 81.3 MPH)
Otis Nixon to second
Batting: RHB Sixto Lezcano 0-0: Called Strike
0-1: Called Strike
0-2: Strikes out swinging
Batting: LHB Pat Putnam 0-0: Foul Ball, location: 2F
0-1: Called Strike
0-2: Ball
1-2: Ball
2-2: Fly out, F9 (Flyball, 9S, EV 88.8 MPH)
Batting: RHB Joe Torre 0-0: Foul Ball, location: 2F
0-1: Foul Ball, location: 2F
0-2: Ball
1-2: Ball
2-2: Ground out 4-3 (Groundball, 4, EV 88.8 MPH)
Top of the 3rd over - 0 runs, 2 hits, 0 errors, 2 left on base; St. Louis 2 - Pittsburgh 0
BOTTOM OF THE 3RD
Pittsburgh Pirates batting - Pitching for St. Louis Cardinals : RHP John D'Acquisto
Batting: LHB Alex Campos 0-0: Ball
1-0: Ball
2-0: Ball
3-0: Base on Balls
Batting: RHB Dennis Leonard 0-0: Ball
1-0: Sac Bunt to 23 - play at first, batter OUT! 3-4
Alex Campos to second
Batting: RHB Dan Gladden 0-0: Ball
1-0: Ball
2-0: Foul Ball, location: 2F
2-1: Foul Ball, location: 2F
2-2: Strikes out swinging
Batting: SHB Chili Davis 0-0: Ball
1-0: Foul Ball, location: 2F
1-1: Called Strike
1-2: Foul Ball, location: 2F
1-2: Foul Ball, location: 2F
1-2: Strikes out swinging
Bottom of the 3rd over - 0 runs, 0 hits, 0 errors, 1 left on base; St. Louis 2 - Pittsburgh 0
TOP OF THE 4TH
St. Louis Cardinals batting - Pitching for Pittsburgh Pirates : RHP Dennis Leonard
Batting: LHB Mike Davis 0-0: Ball
1-0: Foul Ball, location: 2F
1-1: Ball
2-1: Reached on error, E3 (Popup, 3S, EV 78.8 MPH)
Batting: RHB Bob Watson 0-0: Ball
1-0: Foul Ball, location: 2F
1-1: Fly out, F7 (Line Drive, 7, EV 95.0 MPH)
Batting: SHB Billy E Smith 0-0: Ball
1-0: Called Strike
Mike Davis steals 2nd base
1-1: Foul Ball, location: 2F
1-2: Ball
2-2: Foul Ball, location: 2F
2-2: Ball
3-2: SINGLE (Flyball, 4MD, EV 96.9 MPH)
Mike Davis to third
Batting: RHB John D'Acquisto 0-0: Ball
1-0: Fly out, F9 (Line Drive, 89M, EV 96.9 MPH)
Runner from 3rd tags up, SCORES, no throw by RF
Batting: SHB Otis Nixon 0-0: Called Strike
0-1: Ball
1-1: Ball
Billy E Smith steals 2nd base
2-1: Fly out, F3 (Line Drive, 3, EV 67.5 MPH)
Top of the 4th over - 1 run, 1 hit, 1 error, 1 left on base; St. Louis 3 - Pittsburgh 0
BOTTOM OF THE 4TH
Pittsburgh Pirates batting - Pitching for St. Louis Cardinals : RHP John D'Acquisto
Batting: RHB Rennie Stennett 0-0: Called Strike
0-1: Ball
1-1: Ball
2-1: Ball
3-1: Swinging Strike
3-2: Base on Balls
Batting: LHB Robert Lopez 0-0: Called Strike
0-1: Fly out, F7 (Flyball, 7D, EV 93.1 MPH)
Batting: LHB Greg Walker 0-0: Ball
1-0: Ball
2-0: Called Strike
2-1: Ball
Passed Ball!
Rennie Stennett to second
3-1: DOUBLE (Groundball, 5L, EV 96.9 MPH)
Rennie Stennett scores
Batting: RHB Mike C Brown 0-0: Called Strike
0-1: Fly out, F5 (Popup, 5S, EV 68.8 MPH)
Batting: SHB John Shelby 0-0: Ball
1-0: SINGLE (Groundball, 6MD, EV 96.3 MPH)
Greg Walker to third
Runner from 3rd tries for Home, SAFE, throw by CF to home
Batting: LHB Alex Campos 0-0: Ball
1-0: Ball
2-0: Ball
3-0: Foul Ball, location: 2F
3-1: Base on Balls
John Shelby to second
Batting: RHB Dennis Leonard 0-0: Fly out, F9 (Flyball, 9, EV 85.0 MPH)
Bottom of the 4th over - 2 runs, 2 hits, 0 errors, 2 left on base; St. Louis 3 - Pittsburgh 2
TOP OF THE 5TH
St. Louis Cardinals batting - Pitching for Pittsburgh Pirates : RHP Dennis Leonard
Batting: LHB Jim Gantner 0-0: Foul Ball, location: 2F
0-1: Foul Ball, location: 2F
0-2: Foul Ball, location: 2F
0-2: Foul Ball, location: 2F
0-2: Ball
1-2: Foul Ball, location: 2F
1-2: Ball
2-2: Fly out, F7 (Flyball, 7, EV 82.5 MPH)
Batting: RHB Sixto Lezcano 0-0: SINGLE (Flyball, 9S, EV 95.6 MPH)
Batting: LHB Pat Putnam 0-0: Ball
Sixto Lezcano steals 2nd base
1-0: SINGLE (Groundball, 3D, EV 105.6 MPH)
Sixto Lezcano to third
Runner from 3rd tries for Home, SAFE, throw by RF to home
Batting: RHB Joe Torre 0-0: Fly out, F8 (Flyball, 89M, EV 96.3 MPH)
Batting: LHB Mike Davis 0-0: Ball
1-0: Ball
2-0: Foul Ball, location: 2F
2-1: Foul Ball, location: 2F
2-2: Foul Ball, location: 2F
2-2: Foul Ball, location: 2F
2-2: Foul Ball, location: 2F
2-2: Foul Ball, location: 2F
2-2: Foul Ball, location: 2F
2-2: 2-RUN HOME RUN (Flyball, 8LXD, EV 89.4 MPH), Distance : 423 ft
Pitching: RHP Timnothy Milner
Batting: RHB Bob Watson 0-0: Called Strike
0-1: Foul Ball, location: 2F
0-2: Ball
1-2: Foul Ball, location: 2F
1-2: Ball
2-2: Ball
3-2: Foul Ball, location: 2F
3-2: Fly out, F3 (Popup, 3SF, EV 79.4 MPH)
Top of the 5th over - 3 runs, 3 hits, 0 errors, 0 left on base; St. Louis 6 - Pittsburgh 2
BOTTOM OF THE 5TH
Pittsburgh Pirates batting - Pitching for St. Louis Cardinals : RHP John D'Acquisto
Batting: RHB Dan Gladden 0-0: Ball
1-0: Foul Ball, location: 2F
1-1: Fly out, F8 (Flyball, 8LD, EV 108.1 MPH)
Batting: SHB Chili Davis 0-0: Called Strike
0-1: Called Strike
0-2: Ball
1-2: Foul Ball, location: 2F
1-2: Fly out, F6 (Popup, 6, EV 60.6 MPH)
Batting: RHB Rennie Stennett 0-0: Ball
1-0: Fly out, F8 (Line Drive, 8RM, EV 98.8 MPH)
Bottom of the 5th over - 0 runs, 0 hits, 0 errors, 0 left on base; St. Louis 6 - Pittsburgh 2
TOP OF THE 6TH
St. Louis Cardinals batting - Pitching for Pittsburgh Pirates : RHP Timnothy Milner
Batting: SHB Billy E Smith 0-0: Ball
1-0: Swinging Strike
1-1: Fly out, F7 (Line Drive, 7, EV 100.6 MPH)
Batting: RHB John D'Acquisto 0-0: Called Strike
0-1: Ball
1-1: Called Strike
1-2: Foul Ball, location: 2F
1-2: Strikes out swinging
Batting: SHB Otis Nixon 0-0: Ball
1-0: Called Strike
1-1: Foul Ball, location: 2F
1-2: Ball
2-2: Ball
3-2: Foul Ball, location: 2F
3-2: Foul Ball, location: 2F
3-2: Base on Balls
Batting: LHB Jim Gantner 0-0: Ball
1-0: Ground out 4-3 (Groundball, 4, EV 108.1 MPH)
Top of the 6th over - 0 runs, 0 hits, 0 errors, 1 left on base; St. Louis 6 - Pittsburgh 2
BOTTOM OF THE 6TH
Pittsburgh Pirates batting - Pitching for St. Louis Cardinals : RHP John D'Acquisto
Batting: LHB Robert Lopez 0-0: Swinging Strike
0-1: Called Strike
0-2: Strikes out swinging
Batting: LHB Greg Walker 0-0: Ball
1-0: Ball
2-0: Called Strike
2-1: Called Strike
2-2: Strikes out swinging, 2-3 out at first.
Batting: RHB Mike C Brown 0-0: Swinging Strike
0-1: Called Strike
0-2: Ball
1-2: Foul Ball, location: 2F
1-2: Ground out U3 (Groundball, 13, EV 90.6 MPH)
Bottom of the 6th over - 0 runs, 0 hits, 0 errors, 0 left on base; St. Louis 6 - Pittsburgh 2
TOP OF THE 7TH
St. Louis Cardinals batting - Pitching for Pittsburgh Pirates : RHP Timnothy Milner
Batting: RHB Sixto Lezcano 0-0: Ground out 2-3 (Groundball, 15S, EV 68.1 MPH)
Batting: LHB Pat Putnam 0-0: SOLO HOME RUN (Flyball, 8RXD, EV 95.0 MPH), Distance : 439 ft
Batting: RHB Joe Torre 0-0: Ball
1-0: Called Strike
1-1: Called Strike
1-2: Ball
2-2: Ball
3-2: DOUBLE (Flyball, 8LD, EV 102.5 MPH)
Batting: LHB Mike Davis 0-0: SINGLE (Groundball, 25, EV 67.5 MPH) (infield hit)
Joe Torre to third
Batting: RHB Bob Watson 0-0: Called Strike
0-1: Ball
1-1: Foul Ball, location: 2F
1-2: Ball
2-2: Grounds into double play, 5-4-3 (Groundball, 56, EV 89.4 MPH)
Top of the 7th over - 1 run, 3 hits, 0 errors, 1 left on base; St. Louis 7 - Pittsburgh 2
BOTTOM OF THE 7TH
Pittsburgh Pirates batting - Pitching for St. Louis Cardinals : RHP John D'Acquisto
Pitching: RHP Larry Yount
Batting: SHB John Shelby 0-0: Foul Ball, location: 2F
0-1: Ball
1-1: Ground out 6-3 (Groundball, 6, EV 103.8 MPH)
Batting: LHB Alex Campos 0-0: Swinging Strike
0-1: Fly out, F3 (Line Drive, 3, EV 68.8 MPH)
Pinch Hitting: RHB William Max 0-0: Called Strike
0-1: Ball
1-1: Ball
2-1: Ball
3-1: Base on Balls
Batting: RHB Dan Gladden 0-0: Ball
1-0: Ball
2-0: Ball
3-0: Called Strike
3-1: SINGLE (Line Drive, 56, EV 95.0 MPH)
William Max to second
Runner from 2nd tries for 3rd, SAFE, throw by LF made to third
Batting: SHB Chili Davis 0-0: Called Strike
0-1: Fly out, F9 (Flyball, 9D, EV 90.6 MPH)
Bottom of the 7th over - 0 runs, 1 hit, 0 errors, 2 left on base; St. Louis 7 - Pittsburgh 2
TOP OF THE 8TH
St. Louis Cardinals batting - Pitching for Pittsburgh Pirates : RHP Timnothy Milner
Pitching: RHP Mike Smithson
Batting: SHB Billy E Smith 0-0: Ball
1-0: Called Strike
1-1: Ground out 4-3 (Groundball, 4, EV 111.3 MPH)
Pinch Hitting: RHB Pascual D'Annunzio 0-0: Called Strike
0-1: Called Strike
0-2: Ball
1-2: Ground out 6-3 (Groundball, 6, EV 110.0 MPH)
Batting: SHB Otis Nixon 0-0: Ball
1-0: Called Strike
1-1: Swinging Strike
1-2: Fly out, F8 (Flyball, 89M, EV 91.9 MPH)
Top of the 8th over - 0 runs, 0 hits, 0 errors, 0 left on base; St. Louis 7 - Pittsburgh 2
BOTTOM OF THE 8TH
Pittsburgh Pirates batting - Pitching for St. Louis Cardinals : RHP Larry Yount
Pitching: RHP Larry Andersen
Batting: RHB Rennie Stennett 0-0: Ball
1-0: Called Strike
1-1: Foul Ball, location: 2F
1-2: Ball
2-2: Ground out 5-3 (Groundball, 5S, EV 80.6 MPH)
Batting: LHB Robert Lopez 0-0: Called Strike
0-1: Called Strike
0-2: Ball
1-2: Ball
2-2: Foul Ball, location: 2F
2-2: Foul Ball, location: 2F
2-2: Strikes out looking
Batting: LHB Greg Walker 0-0: Ball
1-0: Ball
2-0: Called Strike
2-1: Called Strike
2-2: Foul Ball, location: 2F
2-2: Ball
3-2: Foul Ball, location: 2F
3-2: Foul Ball, location: 2F
3-2: Ground out 6-3 (Groundball, 6, EV 78.1 MPH)
Bottom of the 8th over - 0 runs, 0 hits, 0 errors, 0 left on base; St. Louis 7 - Pittsburgh 2
TOP OF THE 9TH
St. Louis Cardinals batting - Pitching for Pittsburgh Pirates : RHP Mike Smithson
Batting: LHB Jim Gantner 0-0: Ball
1-0: Ball
2-0: Foul Ball, location: 2F
2-1: DOUBLE (Line Drive, 78D, EV 104.4 MPH)
Batting: RHB Sixto Lezcano 0-0: Ball
1-0: Swinging Strike
1-1: Swinging Strike
1-2: Foul Ball, location: 2F
1-2: Foul Ball, location: 2F
1-2: Foul Ball, location: 2F
1-2: Foul Ball, location: 2F
1-2: Foul Ball, location: 2F
1-2: Foul Ball, location: 2F
1-2: SINGLE (Groundball, 56D, EV 93.8 MPH)
Jim Gantner to third
Runner from 3rd tries for Home, SAFE, throw by LF to home
Batting: LHB Pat Putnam 0-0: Ball
Sixto Lezcano steals 2nd base (no throw)
1-0: Foul Ball, location: 2F
1-1: Ball
2-1: Fly out, F7 (Flyball, 78S, EV 85.0 MPH)
Batting: RHB Joe Torre 0-0: Ball
1-0: Called Strike
1-1: Called Strike
1-2: Foul Ball, location: 2F
1-2: Ball
2-2: Foul Ball, location: 2F
2-2: Strikes out swinging
Batting: LHB Mike Davis 0-0: Ball
1-0: Ground out U3 (Groundball, 3, EV 100.0 MPH)
Top of the 9th over - 1 run, 2 hits, 0 errors, 1 left on base; St. Louis 8 - Pittsburgh 2
BOTTOM OF THE 9TH
Pittsburgh Pirates batting - Pitching for St. Louis Cardinals : RHP Larry Andersen
Batting: RHB Mike C Brown 0-0: Fly out, F9 (Flyball, 9D, EV 91.3 MPH)
Batting: SHB John Shelby 0-0: Fly out, F6 (Flyball, 6D, EV 80.6 MPH)
Batting: LHB Alex Campos 0-0: Foul Ball, location: 2F
0-1: Swinging Strike
0-2: Ball
1-2: Strikes out swinging
Bottom of the 9th over - 0 runs, 0 hits, 0 errors, 0 left on base; St. Louis 8 - Pittsburgh 2
Wednesday, July 22nd, 2020 - OOTP Baseball 21.4 Build 63